 Dungeon Crawl Stone Soup version 0.22.0-5-gf09313c8f9 (webtiles) character file.

4540 Oravi the Cleaver (level 10, -1/91 HPs)
             Began as a Minotaur Berserker on Aug 14, 2018.
             Was a High Priest of Trog.
             Slain by a large slime creature (7 damage)
             ... on level 8 of the Dungeon.
             The game lasted 00:26:08 (7356 turns).

Oravi the Cleaver (Minotaur Berserker)              Turns: 7356, Time: 00:26:11

Health: -1/91      AC: 14    Str: 28    XL:     10   Next: 17%
Magic:  9/9        EV:  9    Int:  4    God:    Trog [*****.]
Gold:   496        SH:  0    Dex: 10    Spells: 9/9 levels left

rFire    . . .     SeeInvis .   k - +0 broad axe
rCold    . . .     Gourm    .   (no shield)
rNeg     . . .     Faith    .   s - +1 chain mail {MR+}
rPois    .         Spirit   .   (helmet restricted)
rElec    .         Reflect  .   f - scarf {repulsion}
rCorr    .         Harm     .   C - +1 pair of gloves
MR       +....                  (no boots)
Stlth    ..........             (no amulet)
HPRegen  0.25/turn              h - +3 ring of strength
MPRegen  0.11/turn              x - ring of stealth

@: berserk cooldown, repel missiles
A: retaliatory headbutt, horns 2
a: Berserk, Trog's Hand, Brothers in Arms, Renounce Religion


You were on level 8 of the Dungeon.
You worshipped Trog.
Trog was extremely pleased with you.
You were very hungry.

You visited 2 branches of the dungeon, and saw 9 of its levels.

You collected 496 gold pieces.

Inventory:

Hand Weapons
 a - a +0 hand axe
 k - a +0 broad axe (weapon)
 y - a +1 war axe
 F - a +0 blowgun
Missiles
 i - 115 stones (quivered)
 t - 4 poisoned needles
 w - 127 arrows
Armour
 b - a +0 animal skin
 d - a +0 scale mail
 e - a +0 ring mail
 f - a scarf of repulsion (worn)
 m - a +0 chain mail
 s - a +1 chain mail of magic resistance (worn)
 u - a +0 shield
 v - a +0 plate armour
 C - a +1 pair of gloves (worn)
Jewellery
 h - a +3 ring of strength (left hand)
 x - a ring of stealth (right hand)
Scrolls
 j - a scroll of summoning {unknown}
 l - 2 scrolls of magic mapping
 n - 3 scrolls of enchant weapon
 r - a scroll of identify
 A - 2 scrolls of teleportation
Potions
 g - 2 potions of flight
 o - a potion of degeneration {unknown}
 p - a potion of cancellation
 q - a potion of curing {unknown}
 z - a potion of resistance {unknown}
 B - a potion of ambrosia {unknown}
 D - a potion of lignification {unknown}
 E - a potion of mutation {unknown}
Comestibles
 c - 7 rations


   Skills:
 + Level 9.5 Fighting
 * Level 12.8 Axes
 + Level 9.1 Armour
 - Level 2.1 Dodging


You had 9 spell levels left.
You didn't know any spells.
Your spell library was empty.

Dungeon Overview and Level Annotations

Branches:
Dungeon (8/15)             Temple (1/1) D:5
   Lair: D:8-11

Altars:
Dithmenos
Fedhas
Gozag
Hepliaklqana
Kikubaaqudgha
Makhleb
Nemelex Xobeh
Okawaru
Qazlal
Ru
Sif Muna
Trog
Uskayaw
Vehumet
Wu Jian
Xom
Zin


Innate Abilities, Weirdness & Mutations

You reflexively headbutt those who attack you in melee.
You have a pair of horns on your head.


Message History

Your headbutt misses the large slime creature.
The large slime creature is severely wounded.
The large slime creature hits you!!!
* * * LOW HITPOINT WARNING * * *
You hit the large slime creature.
The large slime creature is severely wounded.
You feel a strong urge to attack something.
You feel your anger nearly subside.
You are no longer berserk.
You are exhausted.
You feel yourself slow down.
As you read the scroll of teleportation, it crumbles to dust.
You feel strangely unstable.
The large slime creature closely misses you.
It was a potion of cancellation.
You feel strangely stable.
Your magical effects are unravelling.
You feel magically purged.
You feel yourself speed up. The large slime creature hits you!
You die...

...........#
#.#
##########.#
P.##.# #.#
..##.# #.#
P.# #.# ..#
#.# J.# #.#
..# #.#
#######'#
#.###.@JJJJ#
#.##†########
#.###..'....#
#.######....#
#..##.......#
##.##.......#
#.##.......#
#.##.......#
#.###.....##


You could see a large slime creature and 3 oozes.

Vanquished Creatures
  Pikel (D:5)
  Grinder (D:3)
  Menkaure (D:5)
  Edmund (D:5)
  A sky beast (D:7)
  An ice beast (D:5)
  3 slaves (D:5)
  A black bear (D:8)
  A necrophage (D:6)
  2 phantoms
  7 ogres
  4 big kobolds
  4 bullfrogs
  2 scorpions
  10 killer bees
  3 howler monkeys
  4 crimson imps
  3 bullfrog zombies
  4 hounds
  3 bullfrog skeletons
  3 orc priests
  8 orc wizards
  2 iguanas
  2 centaur skeletons
  7 worker ants
  Natasha (D:3)
  7 gnolls
  10 adders
  2 shadow imps (D:6)
  An ooze (D:3)
  An adder skeleton (D:4)
  An adder zombie (D:5)
  4 worms
  4 leopard geckos
  23 orcs
  6 giant cockroaches
  12 goblins
  8 hobgoblins
  7 jackals
  A quokka (D:2)
  2 ball pythons
  7 bats
  4 frilled lizards
  13 kobolds
  A quokka zombie (D:5)
  7 rats
  3 bushes (D:5)
  4 plants (D:5)
208 creatures vanquished.

Vanquished Creatures (others)
  2 toadstools (D:8)
2 creatures vanquished.

Grand Total: 210 creatures vanquished

Notes
Turn   | Place    | Note
-------+----------+-------------------------------------------
     0 | D:1      | Oravi the Minotaur Berserker began the quest for the Orb.
     0 | D:1      | Reached XP level 1. HP: 19/19 MP: 0/0
   243 | D:1      | Reached skill level 4 in Axes
   326 | D:1      | Reached XP level 2. HP: 23/27 MP: 1/1
  1043 | D:2      | Reached XP level 3. HP: 33/33 MP: 2/2
  1236 | D:2      | Reached skill level 5 in Axes
  1272 | D:2      | Found a faded altar of an unknown god.
  1574 | D:2      | Reached XP level 4. HP: 40/40 MP: 3/3
  1575 | D:2      | Reached ** piety under Trog
  1712 | D:2      | Found a sacrificial altar of Ru.
  1796 | D:3      | Found an ancient bone altar of Kikubaaqudgha.
  1798 | D:3      | Noticed Grinder
  1955 | D:3      | Paralysed by Grinder for 5 turns
  1965 | D:3      | Killed Grinder
  1965 | D:3      | Reached skill level 5 in Fighting
  1965 | D:3      | Reached skill level 6 in Axes
  1965 | D:3      | Reached XP level 5. HP: 48/48 MP: 4/4
  1965 | D:3      | Reached XP level 6. HP: 56/56 MP: 5/5
  2210 | D:3      | Found a bloodstained altar of Trog.
  2290 | D:3      | Noticed Natasha
  2294 | D:3      | Killed Natasha
  2533 | D:4      | Reached skill level 7 in Axes
  2664 | D:4      | You fall through a shaft for 3 floors!
  2676 | D:7      | Reached XP level 7. HP: 61/61 MP: 6/6
  2766 | D:7      | Reached skill level 5 in Armour
  2852 | D:7      | Reached skill level 8 in Axes
  3191 | D:6      | Reached skill level 9 in Axes
  3191 | D:6      | Reached XP level 8. HP: 69/71 MP: 7/7
  3221 | D:6      | Reached *** piety under Trog
  3397 | D:6      | Found a stormy altar of Qazlal.
  3575 | D:6      | Found a glowing silver altar of Zin.
  3713 | D:6      | Reached skill level 10 in Axes
  3967 | D:5      | Entered Level 5 of the Dungeon
  4185 | D:5      | Reached XP level 9. HP: 81/81 MP: 8/8
  4295 | D:5      | Noticed Menkaure
  4312 | D:5      | Killed Menkaure
  4312 | D:5      | Reached skill level 11 in Axes
  4403 | D:5      | Noticed Edmund
  4418 | D:5      | Killed Edmund
  4488 | D:5      | Noticed Pikel
  4503 | D:5      | Killed Pikel
  4778 | D:5      | Found a staircase to the Ecumenical Temple.
  4799 | D:5      | Found a radiant altar of Vehumet.
  4817 | Temple   | Entered the Ecumenical Temple
  5113 | D:5      | Reached skill level 12 in Axes
  5141 | D:5      | Reached **** piety under Trog
  5777 | D:4      | Found a sparkling altar of Nemelex Xobeh.
  5860 | D:4      | Found a hazy altar of Hepliaklqana.
  6055 | D:4      | Found an iron altar of Okawaru.
  6777 | D:7      | Reached XP level 10. HP: 79/91 MP: 9/9
  7019 | D:8      | Reached ***** piety under Trog
  7349 | D:8      | HP: 6/136 [large slime creature (37)]
  7356 | D:8      | Slain by a large slime creature

Skill      XL: |  1  2  3  4  5  6  7  8  9 10 |
---------------+-------------------------------+-----
Axes           | 4 5 6 7 9 10 12 | 12.8
Fighting       | 4 5 6 7 9 |  9.5
Armour         | 3 4 5 7 8 9 |  9.1
Dodging        | |  2.1

Action                   |  1- 3 |  4- 6 |  7- 9 | 10-12 || total
-------------------------+-------+-------+-------+-------++-------
Melee: Hand axe          |    54 |    53 |       |       ||   107
       Headbutt          |     8 |    14 |    77 |     7 ||   106
       War axe           |       |     9 |    39 |       ||    48
       Broad axe         |       |       |   274 |    59 ||   333
Throw: Stone             |    16 |    55 |   174 |    11 ||   256
Invok: Berserk           |     1 |     2 |     2 |     1 ||     6
  Use: Scroll            |       |       |     6 |     1 ||     7
       Potion            |       |       |       |     1 ||     1
  Eat: Chunk             |     3 |     4 |    13 |     2 ||    22
       Ration            |       |       |     1 |       ||     1
Armor: Scale mail        |     7 |       |       |       ||     7
       Chain mail        |    12 |     6 |    38 |    21 ||    77
       Plate armour      |       |     3 |    81 |       ||    84
Dodge: Dodged            |    22 |    17 |   105 |    27 ||   171
       Deflected         |       |       |     5 |     2 ||     7
